[Event "Team 45 45 League T52"]
[Site "Internet Chess Club"]
[Date "2012.03.12"]
[Round "4"]
[White "mitus"]
[Black "badmove"]
[Result "1/2-1/2"]
[WhiteElo "1819"]
[BlackElo "1631"]
[Opening "Ruy Lopez: Morphy defense"]
[ECO "C77"]
[Time "05:29:11"]
[TimeControl "2700+45"]

1. e4 e5 2. Nf3 Nc6 3. Bb5 a6 4. Ba4 Nf6 5. c3 d6 6. d3 b5 7. Bb3 Be7 8. O-O Bg4
9. Bg5 O-O 10. Nbd2 Na5 11. Bc2 c5 12. Re1 Nd7 13. Bxe7 Qxe7 14. Nf1 Bxf3 15.
Qxf3 Qf6 16. Qh3 Qe6 17. Qe3 Nc6 18. Ng3 Ne7 19. f4 exf4 20. Qxf4 Ng6 21. Qf5
Ne7 22. Qf2 Ne5 23. d4 cxd4 24. cxd4 Ng4 25. Qf3 Nh6 26. Bb3 Qg4 27. Qxg4 Nxg4
28. h3 Nh6 29. e5 dxe5 30. Rxe5 Nc6 31. Re4 Rad8 32. d5 Na5 33. Rd1 Nxb3 34.
axb3 Rd6 35. Nf1 Rfd8 36. Ne3 f5 37. Rf4 g6 38. g4 g5 39. Rfd4 f4 40. Nc2 Nf7
{Game drawn by mutual agreement} 1/2-1/2

[Event "Team 45 45 League T52"]
[Site "Internet Chess Club"]
[Date "2012.03.13"]
[Round "4"]
[White "ILRE"]
[Black "ElMarginal"]
[Result "0-1"]
[WhiteElo "1717"]
[BlackElo "1467"]
[Opening "English opening"]
[ECO "A16"]
[Time "20:06:21"]
[TimeControl "2700+45"]

1. c4 Nf6 2. Nc3 g6 3. Nf3 Bg7 4. g3 c6 5. Bg2 d6 6. O-O Bf5 7. d3 O-O 8. Re1
Na6 9. a3 Nc7 10. Rb1 Re8 11. b4 a6 12. e4 Bd7 13. h3 Qc8 14. Kh2 Rb8 15. Be3 b5
16. c5 dxc5 17. e5 Nfd5 18. Nxd5 Nxd5 19. Bd2 cxb4 20. axb4 Bf5 21. d4 Bxb1 22.
Qxb1 e6 23. Rc1 Qd7 24. Qe4 Rbc8 25. Qh4 Qe7 26. Bg5 f6 27. exf6 Bxf6 28. Bxf6
Qxf6 29. Qxf6 Nxf6 30. Ne5 Nd5 31. Bxd5 cxd5 32. Ra1 Ra8 33. Nd7 Kg7 34. Ne5
Rec8 35. Kg2 Rc2 36. Nd7 Ra7 37. Nc5 Kf7 38. Re1 a5 39. bxa5 Rxa5 40. Nxe6 Raa2
41. Ng5+ Kg7 42. h4 Rxf2+ 43. Kh3 h5 44. Rh1 b4 45. Ne6+ Kg8 46. Nf4 Rfd2 47.
Nxd5 Rxd4 48. Ne7+ Kg7 49. Nc6 Re4 50. Nb8 b3 51. Nd7 Ree2 52. Nc5 b2 53. Rd1
Rh2+ {White resigns} 0-1

[Event "Team 45 45 League T52"]
[Site "Internet Chess Club"]
[Date "2012.03.11"]
[Round "4"]
[White "PostMike"]
[Black "BrandonBee"]
[Result "1-0"]
[WhiteElo "1459"]
[BlackElo "1586"]
[Opening "Sicilian: Kan, Polugaievsky variation"]
[ECO "B42"]
[Time "11:06:21"]
[TimeControl "2700+45"]

1. e4 c5 2. Nf3 e6 3. d4 cxd4 4. Nxd4 a6 5. Bd3 Bc5 6. Nb3 Ba7 7. Nc3 Nc6 8. Bf4
d6 9. O-O Nf6 10. Qf3 Qc7 11. Rfe1 O-O 12. Rad1 e5 13. Nd5 Nxd5 14. exd5 Nd4 15.
Nxd4 Bxd4 16. Bc1 f5 17. Qe2 b5 18. c3 Ba7 19. Qc2 e4 20. Bf1 Bb7 21. a4 b4 22.
c4 Rac8 23. b3 Qf7 24. Bf4 Bb8 25. Qd2 a5 26. Qe3 Qc7 27. Qg3 Rf6 28. Rc1 Rg6
29. Qe3 Ba8 30. Bg3 Ba7 31. Qf4 Qd7 32. Red1 Bc5 33. Kh1 Rg4 34. Qd2 Rf8 35. Be2
Rg6 36. Bf4 h6 37. Rf1 Rgf6 38. f3 g5 39. Be3 Qa7 40. Bxc5 Qxc5 41. fxe4 fxe4
42. Rxf6 Rxf6 43. Rf1 Rf2 44. Qe1 Rxf1+ 45. Qxf1 Qd4 46. Bh5 Qg7 47. h3 Bb7 48.
Qf5 e3 49. Qe6+ Kh8 50. Qxe3 Qa1+ 51. Kh2 Qe5+ 52. Qxe5+ dxe5 53. Bg4 Kg7 54.
Kg3 Kf6 55. Kf3 Ke7 56. Ke4 Kd6 57. Be6 Ba6 58. g3 h5 59. Kf5 Bxc4 60. bxc4 b3
61. Kxg5 e4 62. c5+ Kxc5 63. d6 b2 64. Ba2 Kxd6 65. Kf4 Kc5 66. Kxe4 Kb4 67. Kd3
Kxa4 68. Kc2 Kb4 69. Kxb2 Kc5 70. Bf7 h4 71. g4 Kd6 72. g5 Ke7 73. g6 Kf8 74.
Ka3 Kg7 75. Ka4 Kf6 76. Kxa5 Kg7 77. Kb5 Kh6 78. Kc5 Kg7 79. Kd5 Kf6 80. Ke4 Kg7
81. Kf4 Kh6 82. Kg4 Kg7 83. Kxh4 Kh6 84. Be8 Kg7 85. Kg5 {Black resigns} 1-0

[Event "Team 45 45 League T52"]
[Site "Internet Chess Club"]
[Date "2012.03.12"]
[Round "4"]
[White "Helaman"]
[Black "Aquaman"]
[Result "1/2-1/2"]
[WhiteElo "1556"]
[BlackElo "1224"]
[Opening "QP counter-gambit: Maroczy gambit"]
[ECO "C40"]
[Time "20:03:19"]
[TimeControl "2700+45"]

1. e4 e5 2. Nf3 d5 3. exd5 Bd6 4. d4 e4 5. Ne5 Nf6 6. Nc3 O-O 7. Bc4 Re8 8. O-O
Nbd7 9. Nxd7 Bxd7 10. Bg5 Bxh2+ 11. Kxh2 Ng4+ 12. Qxg4 Bxg4 13. Bxd8 Raxd8 14.
Rfe1 Bf5 15. Re2 c6 16. dxc6 bxc6 17. d5 cxd5 18. Bxd5 Rd6 19. Bxe4 Bxe4 20.
Nxe4 Rde6 21. Rae1 Kf8 22. f3 f5 23. Ng3 Rh6+ 24. Kg1 Rb8 25. Nxf5 Rf6 26. Ne7
Rxb2 27. Nd5 Rd6 28. Re8+ Kf7 29. R1e6 {Game drawn by mutual agreement} 1/2-1/2

[Event "Team 45 45 League T52"]
[Site "Internet Chess Club"]
[Date "2012.03.08"]
[Round "4"]
[White "alexping"]
[Black "minke"]
[Result "1-0"]
[WhiteElo "1913"]
[BlackElo "1887"]
[Opening "Benoni: 6.e4"]
[ECO "A65"]
[Time "23:15:59"]
[TimeControl "2700+45"]

1. d4 Nf6 2. c4 c5 3. d5 e6 4. Nc3 exd5 5. cxd5 d6 6. e4 g6 7. Bd3 Bg7 8. h3 O-O
9. Bf4 b5 10. Nge2 a6 11. Qd2 Re8 12. O-O b4 13. Nd1 Nxe4 14. Qc2 Nf6 15. Ne3
Bb7 16. Bc4 Qc7 17. Rad1 Nbd7 18. Ng4 Nxg4 19. hxg4 Nb6 20. b3 Bc8 21. f3 Qe7
22. Rfe1 Bd7 23. Qc1 Be5 24. Ng3 Bd4+ 25. Kf1 Qh4 26. Bxd6 Rxe1+ 27. Kxe1 Re8+
28. Kf1 Be3 29. Qxe3 Rxe3 30. Bxa6 Rc3 31. Rd2 Qh2 32. Kf2 Qh6 33. Ne4 Qe3+ 34.
Kg3 f5 35. Re2 fxe4 36. Rxe3 Rxe3 37. Bxc5 Re2 38. Bxb6 Rxa2 39. Bc4 exf3 40.
gxf3 Kf7 41. Bc5 Kf6 42. Bxb4 Ke5 43. Bc3+ Kd6 44. Bd4 Rd2 45. Be3 Rd1 46. Kf4
h6 47. Ke4 h5 48. gxh5 gxh5 49. Bf4+ Kc5 50. Bg5 h4 51. Be7+ Kb6 52. Bxh4 Rh1
53. Bd8+ Kc5 54. Be7+ Kb6 55. Ke5 Rh6 56. Bd8+ Kc5 57. Be7+ Kb6 58. f4 Kc7 59.
Kd4 Kb6 60. Bd8+ Kb7 61. Kc5 Kc8 62. Bg5 Rh7 63. Kd6 Kb7 64. Bd3 Rh3 65. Kxd7
Rxd3 66. d6 Rxb3 67. Ke8 Re3+ 68. Be7 {Black resigns} 1-0

[Event "Team 45 45 League T52"]
[Site "Internet Chess Club"]
[Date "2012.03.12"]
[Round "4"]
[White "az2112"]
[Black "Troparion"]
[Result "0-1"]
[WhiteElo "1614"]
[BlackElo "1850"]
[Opening "Scandinavian (center counter) defense"]
[ECO "B01"]
[Time "21:32:24"]
[TimeControl "2700+45"]

1. e4 d5 2. exd5 Qxd5 3. Nc3 Qa5 4. d4 Nf6 5. Bd3 c6 6. Nf3 Bg4 7. O-O Nbd7 8.
Re1 e6 9. a3 Bd6 10. h3 Bh5 11. Be2 O-O 12. Ne5 Bxe2 13. Qxe2 Rad8 14. Nc4 Qc7
15. Nxd6 Qxd6 16. Be3 Rfe8 17. Rad1 Nb6 18. Bg5 Nbd7 19. Ne4 Qe7 20. Qf3 h6 21.
Bxf6 Nxf6 22. Nxf6+ Qxf6 23. Qxf6 gxf6 24. c4 Kf8 25. Re3 e5 26. d5 cxd5 27.
Rxd5 Rxd5 28. cxd5 Rd8 29. Rd3 Ke7 30. f3 Kd6 31. b4 Rc8 32. Kf2 Rc2+ 33. Kg3
Rc4 34. Kf2 Rd4 35. Ke3 Rxd3+ 36. Kxd3 Kxd5 37. g4 a6 38. Kc3 f5 39. gxf5 e4 40.
fxe4+ Kxe4 41. f6 Ke5 42. Kc4 Kxf6 43. Kc5 Ke6 44. Kb6 f5 45. Kxb7 f4 46. Kxa6
f3 47. b5 f2 48. b6 f1=Q+ 49. Ka7 Qd3 50. a4 Qd5 51. Kb8 Qa5 52. b7 Qxa4 53. Kc8
Qc6+ 54. Kb8 Kf5 55. Ka7 Qc7 56. Ka8 Qa5+ 57. Kb8 Kf4 58. Kc8 Qc5+ 59. Kb8 Kg3
60. Ka8 Qa5+ {White resigns} 0-1

[Event "Team 45 45 League T52"]
[Site "Internet Chess Club"]
[Date "2012.03.12"]
[Round "4"]
[White "misuc56"]
[Black "Schack"]
[Result "0-1"]
[WhiteElo "1863"]
[BlackElo "1678"]
[Opening "QGD: Tarrasch defense"]
[ECO "D32"]
[Time "15:01:33"]
[TimeControl "2700+45"]

1. d4 d5 2. c4 e6 3. Nc3 c5 4. e3 Nf6 5. Nf3 a6 6. a3 dxc4 7. Bxc4 b5 8. Be2
Nbd7 9. O-O Bb7 10. h3 Be7 11. Bd2 O-O 12. Rc1 Rc8 13. Nh2 cxd4 14. exd4 Nb6 15.
Be3 Nbd5 16. Bf3 Nxc3 17. Rxc3 Rxc3 18. bxc3 Nd5 19. Qb3 Qa5 20. c4 Nxe3 21.
fxe3 Bxf3 22. Rxf3 bxc4 23. Qxc4 Qxa3 24. e4 Qd6 25. e5 Qb4 26. Qxa6 Qxd4+ 27.
Kh1 Bc5 28. Rf1 Qxe5 29. Nf3 Qd6 30. Qxd6 Bxd6 31. Rd1 Rd8 32. Ne5 Bc7 33. Rxd8+
Bxd8 34. Kg1 Bc7 35. Nf3 Kf8 36. Kf2 Ke7 37. Ke3 h6 38. g4 Bg3 39. Ke4 Kd6 40.
Nd4 Kc5 41. Ne2 Bh2 42. h4 Kc4 43. h5 Bd6 44. Nd4 Kc5 45. Nf3 Bg3 46. Nd4 Kd6
47. Nb5+ Ke7 48. Nd4 Kf6 49. Nf3 Bb8 50. Kd4 g6 51. Ke4 gxh5 52. gxh5 Bc7 53.
Kd4 Kf5 54. Ke3 Bf4+ 55. Ke2 Kg4 56. Nd4 Kxh5 57. Kf3 e5 58. Nf5 Kg5 59. Ke4 h5
60. Nd6 f6 61. Kf3 h4 62. Ne4+ Kg6 63. Nf2 f5 64. Nh3 Bg3 65. Ng1 Kh5 66. Ne2
e4+ 67. Kg2 Kg4 68. Nc3 h3+ 69. Kh1 Kf3 70. Nb1 e3 71. Kg1 Bf2+ 72. Kh1 e2
{White resigns} 0-1

[Event "Team 45 45 League T52"]
[Site "Internet Chess Club"]
[Date "2012.03.11"]
[Round "4"]
[White "clarinetref"]
[Black "MontanaSky"]
[Result "0-1"]
[WhiteElo "1643"]
[BlackElo "1761"]
[Opening "Nimzovich-Larsen attack: modern variation"]
[ECO "A01"]
[Time "22:00:28"]
[TimeControl "2700+45"]

1. b3 e5 2. Bb2 Nc6 3. e3 a6 4. c4 Nf6 5. Nc3 d6 6. Be2 g6 7. d3 Bg7 8. Nf3 O-O
9. O-O Bf5 10. e4 Be6 11. Nd5 Nd7 12. d4 f5 13. dxe5 Ndxe5 14. Nd4 Nxd4 15. Bxd4
fxe4 16. Nc3 Bf5 17. Rc1 Qd7 18. Be3 Kh8 19. Qd2 Rae8 20. Rfd1 Nd3 21. Bxd3 exd3
22. Nd5 Be4 23. f3 Bf5 24. Nb4 c5 25. Nxd3 Rxe3 26. Qxe3 Bd4 27. Nxc5 Bxe3+
{White resigns} 0-1

[Event "Team 45 45 League T52"]
[Site "Internet Chess Club"]
[Date "2012.03.10"]
[Round "4"]
[White "Philly-Boy"]
[Black "viking99"]
[Result "1/2-1/2"]
[WhiteElo "1830"]
[BlackElo "1854"]
[Opening "Grünfeld: exchange, Sokolsky variation"]
[ECO "D89"]
[Time "20:15:06"]
[TimeControl "2700+45"]

1. d4 Nf6 2. c4 g6 3. Nc3 d5 4. cxd5 Nxd5 5. e4 Nxc3 6. bxc3 Bg7 7. Bc4 c5 8.
Ne2 O-O 9. O-O Nc6 10. Be3 Bg4 11. f3 Na5 12. Bd3 cxd4 13. cxd4 Be6 14. d5 Bxa1
15. Qxa1 f6 16. Nf4 Bd7 17. e5 a6 18. Rd1 Rc8 19. Qb1 Nc4 20. Bxc4 Rxc4 21. Nxg6
hxg6 22. Qxg6+ Kh8 23. Qh6+ Kg8 24. Qg6+ Kh8 {Game drawn by mutual agreement}
1/2-1/2

[Event "Team 45 45 League T52"]
[Site "Internet Chess Club"]
[Date "2012.03.10"]
[Round "4"]
[White "sounix"]
[Black "pishd"]
[Result "1-0"]
[WhiteElo "1873"]
[BlackElo "1705"]
[Opening "Caro-Kann: advance variation"]
[ECO "B12"]
[Time "12:15:13"]
[TimeControl "2700+45"]

1. e4 c6 2. d4 d5 3. e5 Bf5 4. g4 Bd7 5. Bd3 e6 6. Ne2 Na6 7. Be3 Nb4 8. Nbc3
Nxd3+ 9. Qxd3 Bb4 10. O-O-O Qa5 11. a3 Bxc3 12. Nxc3 O-O-O 13. f4 g6 14. Rdf1
Kb8 15. Kb1 h5 16. h3 Ne7 17. Bd2 Qc7 18. Na2 Nc8 19. Bb4 a5 20. Be1 c5 21. Bh4
Rde8 22. dxc5 Qxc5 23. Rf3 Nb6 24. Bf2 Qc7 25. Qd4 Nc8 26. Rc3 Bc6 27. g5 Re7
28. Nc1 b6 29. h4 Qb7 30. Rhh3 Rc7 31. Rb3 b5 32. Nd3 Ka8 33. Nc5 Qb6 34. Qd3
Be8 35. Rc3 b4 36. axb4 axb4 37. Nd7 Qa5 38. Rxc7 Qxc7 39. Qa6+ Na7 40. Bxa7
Qxd7 41. Bb6+ Kb8 42. Rb3 Qb7 43. Qa5 Qa8 44. Bc7+ {Black resigns} 1-0

[Event "Team 45 45 League T52"]
[Site "Internet Chess Club"]
[Date "2012.03.11"]
[Round "4"]
[White "timothysmall56"]
[Black "Innes"]
[Result "1/2-1/2"]
[WhiteElo "1546"]
[BlackElo "1604"]
[Opening "Two knights defense"]
[ECO "C55"]
[Time "15:15:08"]
[TimeControl "2700+45"]

1. e4 e5 2. Nf3 Nc6 3. Bc4 Nf6 4. d4 exd4 5. O-O d5 6. exd5 Na5 7. Qe1+ Be7 8.
Qxa5 O-O 9. Nxd4 Bd6 10. Nf3 Bg4 11. Nbd2 Re8 12. Re1 Rxe1+ 13. Nxe1 Qe7 14.
Nef3 Re8 15. h3 Bb4 16. Qxa7 Bxf3 17. Nxf3 Bc5 18. Qxb7 Bxf2+ 19. Kxf2 Qc5+ 20.
Kg3 Ne4+ 21. Kh2 Qd6+ 22. Kh1 Qg3 23. Be3 g5 24. Rf1 g4 25. Qc6 Rf8 26. hxg4
Qxg4 27. Bf2 Rd8 28. Qxc7 Rd6 29. Qb8+ Kg7 30. Bd4+ Kh6 31. Qf8+ Kh5 32. Qxf7+
Rg6 33. Qxh7+ Rh6 34. Qf7+ Rg6 35. Qh7+ Rh6 36. Qf7+ Rg6 37. Ne1 Ng3+ 38. Kg1
Qxd4+ 39. Rf2 Qxc4 40. Qf3+ Kh6 41. Qf4+ Qxf4 42. Rxf4 Ne2+ 43. Kf2 Nxf4 44. c4
Ra6 45. a3 Rb6 46. b4 Ra6 47. g3 Ng6 48. Nc2 Ne5 49. c5 Nc4 50. b5 Ra5 51. d6
Nxd6 52. cxd6 Rxb5 53. Ne3 Rb3 54. Nc4 Rb7 55. a4 Kg7 56. Ke3 Kf6 57. Kd4 Rb4
58. a5 Ke6 59. a6 Ra4 60. Kc5 Rxa6 61. g4 Ra4 62. d7 Ra8 63. Kc6 Ke7 64. g5 Rd8
65. Nb6 Kf7 66. Nd5 Kg6 67. Kc7 Rxd7+ 68. Kxd7 Kxg5 {Game drawn because neither
player has mating material} 1/2-1/2

[Event "Team 45 45 League T52"]
[Site "Internet Chess Club"]
[Date "2012.03.12"]
[Round "4"]
[White "WillC"]
[Black "Dracoac"]
[Result "0-1"]
[WhiteElo "1722"]
[BlackElo "1825"]
[Opening "Réti: Nimzovich-Larsen attack"]
[ECO "A06"]
[Time "18:12:19"]
[TimeControl "2700+45"]

1. Nf3 d5 2. b3 c5 3. e3 Nf6 4. Bb2 Bg4 5. Be2 e6 6. O-O Bd6 7. d4 Nc6 8. Nbd2
O-O 9. c4 cxd4 10. exd4 Qc7 11. Ne5 Bxe2 12. Qxe2 Rfd8 13. Rac1 dxc4 14. Rxc4
Bxe5 15. dxe5 Nd5 16. Rfc1 Qe7 17. Ne4 Nf4 18. Nf6+ gxf6 19. Rxf4 f5 20. Rfc4
Rd5 21. f4 Rad8 22. R4c2 Qh4 23. g3 Qg4 24. Qxg4+ fxg4 25. a3 Rd2 26. Bc3 R2d3
27. b4 Kg7 28. Bb2 Rd2 29. Bc3 R2d3 30. Bb2 a6 31. Kf1 Rd2 32. Kg1 Rxc2 33. Rxc2
Nd4 34. Bxd4 Rxd4 35. Rc7 b5 36. Rc6 a5 37. bxa5 Ra4 38. a6 Rxa3 39. Rb6 Kg6 40.
Kf2 b4 41. Rxb4 Rxa6 42. Rb7 Ra2+ 43. Kg1 h6 44. Re7 h5 45. Kh1 Ra3 46. Re8 Kf5
47. Rc8 Ke4 48. Rc2 Kf3 49. Rc1 Ra2 50. Rf1+ Rf2 51. Rc1 Re2 52. Rf1+ Rf2 53.
Rc1 Rd2 54. Rf1+ Ke2 55. Kg2 Rd1 56. Rf2+ Ke3 57. Rb2 Rd2+ 58. Rxd2 Kxd2 59. Kf1
Ke3 60. Kg2 h4 61. h3 hxg3 62. h4 Kxf4 63. h5 Kxe5 {White resigns} 0-1

[Event "Team 45 45 League T52"]
[Site "Internet Chess Club"]
[Date "2012.03.12"]
[Round "4"]
[White "AntMantis"]
[Black "JustinSane"]
[Result "1/2-1/2"]
[WhiteElo "2118"]
[BlackElo "2126"]
[Opening "QGD: Capablanca-Duras variation"]
[ECO "D30"]
[Time "17:07:34"]
[TimeControl "2700+45"]

1. d4 d5 2. c4 e6 3. Nf3 Nf6 4. Bg5 h6 5. Bh4 Bb4+ 6. Nc3 dxc4 7. e3 b5 8. Nd2
c6 9. Be2 a6 10. O-O Bb7 11. Nde4 Nbd7 12. a3 Be7 13. Bg3 Nxe4 14. Nxe4 Nf6 15.
Nc5 Bxc5 16. dxc5 Qd5 17. Qc2 Qxc5 18. b3 O-O 19. bxc4 Rfd8 20. Bc7 Rd7 21. Ba5
bxc4 22. Bb4 Qg5 23. f4 Qh4 24. Rf3 Ng4 25. h3 c5 26. Be1 Qf6 27. Bc3 Qd8 28.
hxg4 Bxf3 29. Bxf3 Rb8 30. Qe4 Rd3 31. Qxc4 Rxe3 32. Rd1 Qh4 33. Rf1 Rd8 34. Rd1
Rxd1+ 35. Bxd1 Qg3 36. Bd2 Rd3 37. Qc2 c4 38. Be2 Rxa3 39. Qxc4 Ra1+ 40. Bf1
Qxg4 41. Qd4 Qd1 42. Kh2 Qh5+ 43. Kg1 Rd1 44. Qd8+ Kh7 45. Qd3+ f5 46. Qe3 Qe8
47. Kf2 Qc6 48. Be2 Ra1 49. Qe5 Ra2 50. Bc3 Rxe2+ 51. Kxe2 Qxg2+ 52. Ke3 Qe4+
53. Qxe4 fxe4 54. Kxe4 Kg6 55. Ke5 Kf7 56. Bd2 h5 57. Be1 g6 58. Ke4 Kf6 {Game
drawn by mutual agreement} 1/2-1/2

[Event "Team 45 45 League T52"]
[Site "Internet Chess Club"]
[Date "2012.03.09"]
[Round "4"]
[White "fileman"]
[Black "toukon"]
[Result "1-0"]
[WhiteElo "1886"]
[BlackElo "1711"]
[Opening "Sicilian: Prins (Moscow) variation"]
[ECO "B55"]
[Time "16:00:28"]
[TimeControl "2700+45"]

1. e4 c5 2. Nf3 d6 3. d4 cxd4 4. Nxd4 Nf6 5. f3 g6 6. Be3 Bg7 7. c3 O-O 8. Nd2
Nc6 9. Be2 Bd7 10. O-O a6 11. N2b3 Rc8 12. Nxc6 Bxc6 13. Nd4 Bd7 14. Qb3 Qc7 15.
Rad1 d5 16. exd5 b5 17. Nc2 Bf5 18. Bd3 Bxd3 19. Rxd3 Nd7 20. Rdd1 Nb6 21. Nb4
Nc4 22. Bd4 Qd6 23. Bxg7 Kxg7 24. Rfe1 Rc5 25. Re2 a5 26. Nc2 Rxd5 27. Rxd5 Qxd5
28. Nd4 Rb8 29. Rxe7 Qg5 30. Ne6+ {Black resigns} 1-0

[Event "Team 45 45 League T52"]
[Site "Internet Chess Club"]
[Date "2012.03.10"]
[Round "4"]
[White "FlyingTiger"]
[Black "hcube"]
[Result "0-1"]
[WhiteElo "1707"]
[BlackElo "1696"]
[Opening "Sicilian: closed, 2...Nc6"]
[ECO "B23"]
[Time "20:00:05"]
[TimeControl "2700+45"]

1. e4 c5 2. Nc3 Nc6 3. Bb5 Nd4 4. Bc4 g6 5. Nf3 Bg7 6. Nxd4 cxd4 7. Qf3 e6 8.
Nb5 d6 9. Qa3 Bf8 10. Nxd4 Ne7 11. Bb5+ Bd7 12. Qxd6 Nc6 13. Nxc6 bxc6 14. Qd4
f6 15. Ba4 Bg7 16. Qc5 Qb6 17. Qd6 Rd8 18. O-O c5 19. Bxd7+ Rxd7 20. Qg3 O-O 21.
d3 a5 22. Rb1 f5 23. exf5 exf5 24. b3 Re7 25. Be3 Rfe8 26. Qh4 Bd4 27. Bxd4 cxd4
28. f3 Qb4 29. Qf4 Re2 30. Qc1 Qc3 31. Qd1 Rd2 32. Qc1 Ree2 33. Qd1 Rxg2+ {White
resigns} 0-1

[Event "Team 45 45 League T52"]
[Site "Internet Chess Club"]
[Date "2012.03.12"]
[Round "4"]
[White "fireball"]
[Black "Sirian"]
[Result "0-1"]
[WhiteElo "1689"]
[BlackElo "1591"]
[Opening "Réti: King's Indian attack (Barcza system)"]
[ECO "A07"]
[Time "20:02:57"]
[TimeControl "2700+45"]

1. Nf3 d5 2. g3 Nf6 3. d3 Bg4 4. Bg2 e6 5. O-O Bd6 6. Nbd2 Nc6 7. c4 d4 8. Qa4
O-O 9. Re1 Rb8 10. a3 a5 11. Nb3 e5 12. Nxa5 Nxa5 13. Qxa5 Bd7 14. Qd2 Re8 15.
b4 c5 16. b5 b6 17. e4 h6 18. Nh4 Nh7 19. Qe2 Ra8 20. Nf5 Be6 21. Nxd6 Qxd6 22.
f4 exf4 23. Bxf4 Qe7 24. Qf2 Ra4 25. Ra2 Nf6 26. h3 Nh7 27. g4 Nf8 28. Qg3 Ng6
29. Bc7 Rc8 30. Bd6 Qd7 31. e5 Qd8 32. Be4 Qg5 33. Rf1 Nf8 34. Bf5 Rca8 35. Bxe6
Nxe6 36. Qf3 Qg6 37. Rfa1 Qg5 38. Rf2 R8a7 39. Bb8 Rd7 40. Qc6 Qd8 41. Bd6 Rda7
42. Rfa2 Qa8 43. Qxa8+ Rxa8 44. Be7 Nf4 45. Rf1 Nxd3 46. Bd6 Rxc4 47. Bc7 Rca4
48. Bxb6 Rb8 49. Bc7 Rxb5 50. Rf3 Rb1+ 51. Kg2 Ne1+ 52. Kg3 Nxf3 53. Kxf3 Rb3+
54. Ke4 Rxh3 55. Bd6 d3+ 56. Kd5 c4 57. Bb4 Rg3 58. Kxc4 Rxg4+ 59. Kxd3 Rgxb4
{White resigns} 0-1

[Event "Team 45 45 League T52"]
[Site "Internet Chess Club"]
[Date "2012.03.08"]
[Round "4"]
[White "charles-allen"]
[Black "BigH"]
[Result "0-1"]
[WhiteElo "1881"]
[BlackElo "2157"]
[Opening "Sicilian: Alapin's variation (2.c3)"]
[ECO "B22"]
[Time "06:19:03"]
[TimeControl "2700+45"]

1. e4 c5 2. c3 d6 3. d4 Nf6 4. Bd3 g6 5. dxc5 dxc5 6. e5 Nh5 7. Nf3 Nc6 8. O-O
Qc7 9. Re1 Be6 10. Ng5 Ng7 11. Bf4 O-O-O 12. Qf3 Bd5 13. Be4 e6 14. Na3 h6 15.
Bxd5 hxg5 16. Nb5 Qb6 17. Bxc6 gxf4 18. Bxb7+ Qxb7 {White resigns} 0-1

[Event "Team 45 45 League T52"]
[Site "Internet Chess Club"]
[Date "2012.03.11"]
[Round "4"]
[White "jantonio"]
[Black "j65536d"]
[Result "1/2-1/2"]
[WhiteElo "1722"]
[BlackElo "1816"]
[Opening "Réti opening"]
[ECO "A04"]
[Time "14:02:17"]
[TimeControl "2700+45"]

1. Nf3 g6 2. g3 Bg7 3. Bg2 e5 4. d3 d5 5. O-O Nc6 6. e4 Be6 7. Ng5 Nf6 8. Nxe6
fxe6 9. Nd2 O-O 10. c3 a5 11. Bh3 Qe7 12. Qb3 b6 13. Qa4 Nd8 14. Nf3 Nf7 15. Qc6
Rae8 16. Re1 Nd8 17. Qb5 Qd6 18. a3 c5 19. b4 axb4 20. axb4 Nxe4 21. dxe4 Re7
22. Bg5 Rxf3 23. Bxe7 Qxe7 24. Qxb6 cxb4 25. cxb4 d4 26. Ra8 Rf8 27. Rea1 Qf6
28. R1a2 Bh6 29. Rxd8 Rxd8 30. Qxe6+ Qxe6 31. Bxe6+ Kf8 32. Bd5 Rc8 33. Ra8 Rxa8
34. Bxa8 Ke7 35. b5 Kd7 36. b6 d3 37. Kf1 Bf8 38. Bd5 Bd6 39. Ke1 Bc5 40. Kd2
Bxb6 41. f4 Bc7 42. fxe5 Bxe5 43. Kxd3 g5 44. Ke3 h5 {Game drawn by mutual
agreement} 1/2-1/2

[Event "Team 45 45 League T52"]
[Site "Internet Chess Club"]
[Date "2012.03.12"]
[Round "4"]
[White "Inquisiteur"]
[Black "gandre"]
[Result "1-0"]
[WhiteElo "1649"]
[BlackElo "1614"]
[Opening "Queen's pawn game, Darooha variation "]
[ECO "D02"]
[Time "17:00:36"]
[TimeControl "2700+45"]

1. d4 d5 2. Nf3 Nf6 3. g3 Bf5 4. Bg2 e6 5. O-O c5 6. Na3 Nc6 7. c3 h6 8. Bf4 Bd6
9. Bxd6 Qxd6 10. Nb5 Qe7 11. dxc5 Ne4 12. Nfd4 Nxc5 13. Nxf5 exf5 14. Bxd5 Ne5
15. b4 a6 16. Nd4 Qd7 17. c4 Ne4 18. Qc2 g6 19. Rac1 O-O 20. Bxe4 fxe4 21. Qxe4
Rfe8 22. Qd5 Qg4 23. f4 Rad8 24. Qxb7 Rxd4 25. fxe5 Rd7 26. Qf3 Qd4+ 27. Kg2
Qxe5 28. Rc2 Qb8 29. a3 Rde7 30. c5 a5 31. Rb1 axb4 32. axb4 Qb5 33. Rbb2 Re3
34. Qf2 Qc6+ 35. Kg1 Ra3 36. Rc1 Qb5 37. c6 Qe5 38. Rf1 Re7 39. Rfb1 Re3 40. b5
Qc7 41. b6 Qxc6 42. b7 {Black resigns} 1-0

[Event "Team 45 45 League T52"]
[Site "Internet Chess Club"]
[Date "2012.03.08"]
[Round "4"]
[White "beitmery"]
[Black "BraafPaard"]
[Result "1-0"]
[WhiteElo "1709"]
[BlackElo "1526"]
[Opening "Budapest: Adler variation"]
[ECO "A52"]
[Time "16:31:23"]
[TimeControl "2700+45"]

1. d4 Nf6 2. c4 e5 3. dxe5 Ng4 4. Nf3 Nc6 5. Nc3 Ngxe5 6. Nxe5 Nxe5 7. b3 Bb4 8.
Bb2 O-O 9. e3 b6 10. Be2 Bb7 11. O-O Bxc3 12. Bxc3 d6 13. Qc2 Ng6 14. Rad1 Qg5
15. e4 Rae8 16. f3 Nf4 17. Bd3 Nxd3 18. Qxd3 f5 19. exf5 Qe3+ 20. Qxe3 Rxe3 21.
Bd4 Re2 22. Rf2 Rxf2 23. Kxf2 Rxf5 24. Re1 Kf7 25. Kg3 g6 26. h4 c5 27. Bc3 d5
28. cxd5 Rxd5 29. Re4 Bc8 30. Rf4+ Bf5 31. Kf2 Rd3 32. Be1 Rd1 33. g4 {Black
resigns} 1-0

[Event "Team 45 45 League T52"]
[Site "Internet Chess Club"]
[Date "2012.03.09"]
[Round "4"]
[White "primerpaso"]
[Black "mmf00"]
[Result "0-1"]
[WhiteElo "1905"]
[BlackElo "1911"]
[Opening "English opening"]
[ECO "A17"]
[Time "20:00:21"]
[TimeControl "2700+45"]

1. c4 e6 2. Nc3 Nf6 3. g3 d5 4. cxd5 exd5 5. d4 Bd6 6. Bg2 c6 7. Nf3 O-O 8. O-O
Re8 9. h3 h6 10. Bf4 Bxf4 11. gxf4 Bf5 12. Ne5 Qc8 13. Kh2 Nbd7 14. Rc1 Nf8 15.
Nxd5 Qd8 16. Nc3 Ng6 17. e4 Bc8 18. Nxg6 fxg6 19. e5 Nh5 20. Ne4 Nxf4 21. Rc3
Rf8 22. Rg3 Qh4 23. Nd6 Be6 24. Qd2 Rab8 25. Rh1 Nxg2 26. Kxg2 Bd5+ 27. f3 Rf4
28. Qe3 Rbf8 29. Rf1 b6 30. e6 Qe7 31. Qe5 R4f6 32. Rg4 Rxe6 {White resigns} 0-1

[Event "Team 45 45 League T52"]
[Site "Internet Chess Club"]
[Date "2012.03.10"]
[Round "4"]
[White "zigzag2002"]
[Black "jjmolina"]
[Result "0-1"]
[WhiteElo "1794"]
[BlackElo "1869"]
[Opening "Vienna gambit"]
[ECO "C29"]
[Time "09:31:23"]
[TimeControl "2700+45"]

1. e4 e5 2. Nc3 Nf6 3. f4 exf4 4. e5 Ng8 5. Nf3 d6 6. d4 dxe5 7. dxe5 Qxd1+ 8.
Nxd1 Bf5 9. c3 Nc6 10. Bxf4 O-O-O 11. Ne3 Be6 12. Ng5 Nge7 13. Nxe6 fxe6 14. Bc4
Ng6 15. Bxe6+ Kb8 16. Bg3 Ngxe5 17. Nd5 Rd6 18. Bf7 Nxf7 19. Bxd6 Bxd6 20. O-O-O
Nfe5 21. Rhf1 Re8 22. Kc2 Re6 23. Rde1 Rg6 24. g3 Kc8 25. b4 Rh6 26. b5 Rxh2+
27. Kb1 Na5 28. Ne3 Nd3 29. Rd1 Nc5 30. Rd4 Re2 31. Nf5 Ne4 32. Rd3 Nd2+ 33.
Rxd2 Rxd2 34. Nxd6+ Rxd6 35. Rf8+ Rd8 36. Rf7 Rg8 37. Kc2 Nc4 38. Kb3 Nd6 39.
Re7 Nxb5 40. a4 Nd6 41. Re5 Re8 42. Rg5 Re7 43. Rh5 g6 44. Rh4 Nf5 45. Rh3 h5
46. Kc4 Re3 47. a5 Nxg3 48. Rh2 Re4+ 49. Kd3 Rg4 50. Rg2 Nf5 51. Rxg4 hxg4 52.
Ke4 g3 53. Kf3 Kd7 54. Kg2 Kc6 55. c4 Kc5 56. Kf3 Kxc4 57. Kg2 Kb5 58. Kf3 Kxa5
59. Kg2 Kb6 60. Kf3 a5 61. Ke2 a4 62. Kd2 g2 63. Kd3 g1=Q 64. Ke4 Qe3+ 65. Kd5
c6+ 66. Kc4 Qd4# {White checkmated} 0-1